 Dungeon Crawl Stone Soup version 0.29.1-12-g30fa7ad0bf (webtiles) character file.

Game seed: 6945241211079848618

1413 H0rd4k the Insei (level 8, -2/54 HPs)
             Began as an Octopode Artificer on Dec 15, 2022.
             Was an Initiate of Gozag.
             Killed from afar by an orc wizard (7 damage)
             ... with a magic dart
             ... on level 6 of the Dungeon.
             The game lasted 00:05:39 (6747 turns).

H0rd4k the Insei (Octopode Artificer)               Turns: 6747, Time: 00:05:40

Health: -2/54      AC:  1    Str: 11    XL:     8   Next: 71%
Magic:  14/14      EV: 13    Int: 16    God:    Gozag
Gold:   549        SH:  0    Dex: 12    Spells: 15/15 levels left

rFire   . . .      SeeInvis .     - Unarmed
rCold   . . .      Faith    .   (no shield)
rNeg    + . .      Spirit   .   (helmet restricted)
rPois   .          Reflect  .   u - amulet of regeneration
rElec   .          Harm     .   x - ring of positive energy
rCorr   .          Rampage  .   (no ring)
Will    .....                   (no ring)
Stlth   ++++......              (no ring)
HPRegen 0.98/turn               (no ring)
MPRegen 0.14/turn               (no ring)
                                (no ring)
                                (no ring)

@: gold aura
A: almost no armour, amphibious, 8 rings, camouflage 1, gelatinous body 1,
nimble swimmer 1, tentacles
a: Renounce Religion, Potion Petition, Call Merchant, Bribe Branch


You were on level 6 of the Dungeon.
You worshipped Gozag.
Gozag was pleased with you.
You visited 1 branch of the dungeon, and saw 6 of its levels.

You collected 604 gold pieces.
You paid 55 gold pieces to Gozag.

Inventory:

Missiles
 g - 3 poisoned darts (quivered)
 n - 4 curare-tipped darts
Jewellery
 u - an amulet of regeneration (around mantle)
 x - a ring of positive energy (left tentacle)
Wands
 b - a wand of flame (8)
 c - a wand of charming (9)
 d - a wand of iceblast (4)
 r - a wand of roots (16)
 w - a wand of polymorph (4)
Scrolls
 a - 6 scrolls of identify {unknown}
 e - a scroll of silence {unknown}
 h - 2 scrolls of noise {unknown}
 i - a scroll of amnesia {unknown}
 j - a scroll of vulnerability {unknown}
 l - a scroll of enchant weapon {unknown}
 m - a scroll of butterflies {unknown}
 p - 2 scrolls of teleportation {unknown}
 s - a scroll of fear {unknown}
Potions
 f - 5 potions of curing {unknown}
 k - 3 potions of flight {unknown}
 o - a potion of magic {unknown}
 q - a potion of cancellation {unknown}
 t - a potion of might {unknown}
 v - a potion of mutation {unknown}
 z - a potion of attraction {unknown}


   Skills:
 * Level 4.7 Fighting
 + Level 3.6 Throwing
 - Level 2.3 Dodging
 - Level 1.3 Stealth
 + Level 6.9 Unarmed Combat
 * Level 4.0 Spellcasting
 - Level 3.2 Evocations


You had 15 spell levels left.
You didn't know any spells.
Your spell library contained the following spells:

 Spells                   Type           Power      Damage    Failure   Level
 Ensorcelled Hibernation  Hex/Ice        6%         N/A       26%         2
 Dazzling Flash           Conj/Hex       6%         N/A       45%         3
 Gell's Gravitas          Tloc           3%         N/A       45%         3
 Lesser Beckoning         Tloc           3%         N/A       45%         3
 Spider Form              Tmut/Pois      3%         N/A       45%         3
 Teleport Other           Tloc           3%         N/A       45%         3
 Anguish                  Hex/Necr       1%         N/A       86%         4
 Agony                    Necr           3%         N/A       99%         5
 Silence                  Hex/Air        1%         N/A       99%         5


Dungeon Overview and Level Annotations

Branches:
Dungeon (6/15)             Temple (0/1) D:4

Altars:
Ashenzari
Cheibriados
Fedhas
Gozag
Hepliaklqana
Makhleb
Okawaru
Qazlal
Ru
Trog
Vehumet

Shops:
D:3 (


Innate Abilities, Weirdness & Mutations

You cannot wear most types of armour.
You are amphibious.
You can wear up to eight rings at the same time.
Your skin changes colour to match your surroundings (Stealth+).
Your rubbery body absorbs attacks. (AC +1, EV +1)
You are camouflaged when in or above water. (Stealth+)
You have tentacles for arms and can constrict up to eight enemies at once.


Message History

z - a bubbling green potion An orc comes into view.
It is wielding a +0 club.
A centaur comes into view.
The orc shouts!
You hear a shout!
An orc wizard and an orc priest come into view.
Found a leather armour.
The orc priest moves out of view.
An adder and a white imp come into view.
Found 18 gold pieces and a chain mail.
The orc priest shouts!
The white imp shouts!
The white imp is distracted by your dazzling golden aura.
The orc priest calls down the wrath of Beogh upon you.
Beogh smites you!
You catch the helpless centaur completely off-guard!
You tentacle-slap the centaur.
The centaur is lightly wounded.
The centaur barely misses you. The centaur kicks you.
The orc priest calls down the wrath of Beogh upon you.
Beogh smites you!
The centaur hits you but does no damage.
The centaur kicks you.
Aiming: Charm
Press: ? - help, Shift-Dir - straight line, f - centaur
Aim: a centaur (lightly wounded, chance to affect: 57%)
The centaur resists with significant effort.
The centaur hits you. The centaur kicks you.
* * * LOW HITPOINT WARNING * * *
The orc priest mumbles some strange prayers to Beogh against you.
Beogh smites you!
* * * LOW HITPOINT WARNING * * *
A white imp comes into view.
Aiming: Charm
Press: ? - help, Shift-Dir - straight line, f/p - centaur
Aim: a centaur (lightly wounded, ally target, chance to affect: 57%)
The centaur is charmed.
The white imp shouts!
The orc misses you. The orc wizard casts a spell at you.
The magic dart hits you!
You die...
Your body crumbles into a pile of gold.

###.###...## .<.
...........## ..#
.##.#.......##...#
#............#
#.......###P#
##.....#..#.#
##...##.##$# #
##......#.#..##5
#.##...@cā‰ˆ....5
#.....oā‰ˆā‰ˆā‰ˆ...##
#.##.....o.....
#.##...........
#.........S....
.##.##.......[ # #.
#.[...... ..
#......o.


You could see an orc priest, an orc wizard, an adder, 2 white imps, an orc and a
friendly centaur (charmed).

Vanquished Creatures
  Sigmund (D:3)
  Duvessa (D:5)
  An ice beast (D:5)
  An ogre (D:5)
  A bullfrog (D:5)
  2 scorpions
  3 hounds
  An orc priest (D:4)
  2 jellies (D:5)
  Ijyb (D:3)
  2 iguanas (D:5)
  An orc wizard (D:4)
  7 adders
  2 white imps (D:5)
  An ufetubus (D:5)
  A worm (D:2)
  4 dart slugs
  4 orcs (D:4)
  4 ball pythons
  10 endoplasms
  4 giant cockroaches
  11 goblins
  8 hobgoblins
  4 jackals (D:2)
  10 kobolds
  6 quokkas
  8 bats
  3 frilled lizards
  7 rats
111 creatures vanquished.

Vanquished Creatures (collateral kills)
  Grinder (D:5)
  A necrophage (D:6)
  Dowan (D:5)
3 creatures vanquished.

Grand Total: 114 creatures vanquished

Notes
Turn   | Place    | Note
-------+----------+-------------------------------------------
     0 | D:1      | H0rd4k the Octopode Artificer began the quest for the Orb.
     0 | D:1      | Reached XP level 1. HP: 13/13 MP: 1/1
   624 | D:1      | Reached XP level 2. HP: 16/18 MP: 1/3
   744 | D:1      | Reached skill level 1 in Spellcasting
  1338 | D:1      | Reached XP level 3. HP: 9/24 MP: 4/4
  1754 | D:2      | Reached skill level 1 in Unarmed Combat
  2130 | D:2      | Reached XP level 4. HP: 7/29 MP: 6/6
  2641 | D:2      | Reached skill level 2 in Unarmed Combat
  3354 | D:3      | Found a hazy altar of Hepliaklqana.
  3391 | D:3      | Found a snail-covered altar of Cheibriados.
  3391 | D:3      | Found a radiant altar of Vehumet.
  3392 | D:3      | Found a sacrificial altar of Ru.
  3392 | D:3      | Found a broken altar of Ashenzari.
  3393 | D:3      | Found an opulent altar of Gozag.
  3394 | D:3      | Found a bloodstained altar of Trog.
  3397 | D:3      | Became a worshipper of Gozag Ym Sagoz the Greedy
  3579 | D:3      | Noticed a floating eye
  3582 | D:3      | Found a faded altar of an unknown god.
  3591 | D:3      | Noticed a shining eye
  3591 | D:3      | Noticed a shining eye
  3591 | D:3      | Noticed a golden eye
  3823 | D:3      | Noticed Ijyb
  3827 | D:3      | Killed Ijyb
  3828 | D:3      | Reached XP level 5. HP: 35/35 MP: 8/8
  4023 | D:3      | Reached skill level 3 in Unarmed Combat
  4328 | D:3      | Found Ahoc's Weapon Emporium.
  4381 | D:3      | Noticed Sigmund
  4466 | D:3      | Found an iron altar of Okawaru.
  4631 | D:3      | Killed Sigmund
  4632 | D:3      | Reached skill level 4 in Unarmed Combat
  4632 | D:3      | Reached XP level 6. HP: 42/42 MP: 9/9
  4732 | D:4      | Reached skill level 1 in Throwing
  4878 | D:4      | Reached XP level 7. HP: 46/46 MP: 11/11
  5029 | D:4      | Found a staircase to the Ecumenical Temple.
  5479 | D:5      | Entered Level 5 of the Dungeon
  5556 | D:5      | Found a stormy altar of Qazlal.
  5557 | D:5      | Noticed a fire elemental
  5558 | D:5      | Noticed an air elemental
  5558 | D:5      | Noticed a water elemental
  5572 | D:5      | Reached skill level 5 in Unarmed Combat
  5719 | D:5      | Noticed Duvessa
  5720 | D:5      | Noticed Grinder
  5725 | D:5      | Noticed Dowan
  5733 | D:5      | Killed Grinder
  5734 | D:5      | Reached XP level 8. HP: 40/54 MP: 11/13
  5740 | D:5      | Killed Dowan
  5807 | D:5      | Found a blossoming altar of Fedhas.
  5827 | D:5      | Reached skill level 6 in Unarmed Combat
  5917 | D:5      | Killed Duvessa
  6293 | D:5      | Found a burning altar of Makhleb.
  6747 | D:6      | Killed from afar by an orc wizard

Illustrated notes

Levels and vault maps discovered:
D:1:      lightli_arrival_statue_moat, layout_basic, st_stairs_13, minivault_26
D:2:      layout_rooms, grunt_ministairs_9, st_stairs_12
D:3:      kennysheep_six_static_rooms, layout_loops_ring, minitemple,
          serial_shops, nicolae_shop_stone,
          hellmonk_ecumenical_altar_watching_god, serial_park_tiny_2,
          minmay_liquid_box, uniq_sigmund, uniq_ijyb
D:4:      layout_basic, temple_fountains
D:5:      layout_basic, mainiacjoe_overflow_alcove_1,
          nicolae_qazlal_style_of_elements, mainiacjoe_overflow_cross_hatched,
          uniq_duvessa, uniq_grinder
D:6:      layout_loops_cross, kb_lookout_dungeons_type,
          hellmonk_bongcloud_opening

Skill      XL: |  1  2  3  4  5  6  7  8 |
---------------+-------------------------+-----
Spellcasting   | 1 2 3 4 |  4.0
Fighting       | 2 3 4 |  4.7
Unarmed Combat | 1 2 4 5 6 |  6.9
Throwing       | 1 2 3 |  3.6
Dodging        | |  2.3
Stealth        | |  1.3
Evocations     | |  3.2

Action                   |  1- 3 |  4- 6 |  7- 9 || total
-------------------------+-------+-------+-------++-------
Melee: Unarmed           |   104 |   104 |    73 ||   281
       Constrict         |    26 |    33 |    17 ||    76
       Tentacles         |    19 |    28 |    19 ||    66
       Punch             |     4 |     3 |     2 ||     9
Throw: Dart              |       |    20 |    25 ||    45
Evoke: Wand              |       |     3 |    11 ||    14
 Stab: Sleeping          |    12 |     7 |     2 ||    21
       Distracted        |       |     1 |     1 ||     2
Armor: Skin              |    10 |    10 |    10 ||    30
Dodge: Dodged            |    58 |    72 |    41 ||   171
